 Dungeon Crawl Stone Soup version 0.17-a0-1450-g7e755d1 (webtiles) character file.

5740 Ber the Basher (level 10, -7/64 HPs)
             Began as a Gargoyle Monk on June 30, 2015.
             Was a Priest of the Shining One.
             Mangled by Gastronok (13 damage)
             ... on level 8 of the Dungeon.
             The game lasted 00:45:27 (8027 turns).

Ber the Basher (Gargoyle Monk)                      Turns: 8027, Time: 00:45:27

Health: -7/64      AC: 22    Str: 18    XL:     10   Next: 77%
Magic:  13/13      EV:  4    Int: 13    God:    the Shining One [***...]
Gold:   460        SH: 15    Dex: 10    Spells: 0 memorised, 9 levels left

rFire  . . .     SeeInvis .     n - +0 war axe (chop)
rCold  . . .     Clarity  .     l - +0 chain mail
rNeg   + + +     SustAt   +     v - +1 large shield
rPois  ∞         Gourm    .     p - +2 helmet
rElec  +         Spirit   .     A - +0 cloak
rCorr  .         Warding  +     (no gloves)
rMut   .         Stasis   .     C - +0 pair of boots
MR     .....                    k - amulet of warding
Stlth  ..........               K - ring of sustain attributes
                                f - +3 ring of protection

@: slowed, glowing, very slow, not resistant to hostile enchantments, extremely
unstealthy
A: clever 1, clumsy 1, deformed body, negative energy resistance 1, electricity
resistance, unbreathing, petrification resistance, rot immunity, AC +7
a: Divine Shield, Renounce Religion


You were on level 8 of the Dungeon.
You worshipped the Shining One.
The Shining One was most pleased with you.
You were very hungry.

You visited 2 branches of the dungeon, and saw 9 of its levels.
You also visited: Sewer.

You collected 460 gold pieces.

Inventory:

Hand weapons
 a - a +3 whip of freezing
 n - a +0 war axe of chopping (weapon)
Armour
 l - a +0 chain mail (worn)
 p - a +2 helmet (worn)
 v - a +1 large shield (worn)
 A - a +0 cloak (worn)
 C - a +0 pair of boots (worn)
Jewellery
 f - a +3 ring of protection (left hand)
 i - an uncursed ring of protection from magic
 k - an amulet of warding (around neck)
 J - an uncursed ring of ice
 K - a ring of sustain attributes (right hand)
Magical devices
 d - a wand of confusion (13)
 o - a wand of magic darts (18)
 w - a wand of cold (4)
 L - a wand of slowing (29)
Scrolls
 e - 5 scrolls of teleportation
 j - 2 scrolls of fog
 q - a scroll of enchant weapon
 u - a scroll of enchant armour
 z - 2 scrolls of magic mapping
 B - 3 scrolls of remove curse
Potions
 g - 3 potions of flight
 t - a potion of agility
 x - 2 potions of magic
Comestibles
 b - 8 bread rations
 m - 2 meat rations
 s - a royal jelly
 H - 7 beef jerkies


   Skills:
 + Level 7.6 Fighting
 * Level 8.9 Maces & Flails
 - Level 5.0 Throwing
 + Level 6.5 Armour
 - Level 2.4 Dodging
 - Level 2.1 Stealth
 * Level 6.0 Shields
 - Level 4.0 Unarmed Combat
 + Level 4.9 Invocations
 + Level 2.9 Evocations


You had 9 spell levels left.
You didn't know any spells.

Dungeon Overview and Level Annotations

Branches:
Dungeon (8/15)             Temple (1/1) D:5
   Lair: D:8-11

Altars:
Ashenzari
Cheibriados
Dithmenos
Elyvilon
Fedhas
Gozag
Kikubaaqudgha
Makhleb
Nemelex Xobeh
Okawaru
Qazlal
Ru
Sif Muna
Trog
Vehumet
Xom
Yredelemnul
Zin
The Shining One

Annotations:
D:8 Gastronok


Innate Abilities, Weirdness & Mutations

You are resistant to torment.
Your stone body is resilient (AC +7).
You are immune to poison.
You resist negative energy.
You are resistant to electric shocks.
You can survive without breathing.
You are immune to petrification.
You are immune to rotting.
Your mind is acute. (Int +2)
You are clumsy. (Dex -2)
Armour fits poorly on your strangely shaped body.


Message History

Gastronok's eyestalks quiver as he mumbles some strange words.
Gastronok seems to move somewhat quicker.
You hit Gastronok but do no damage.
Gastronok is almost dead.
Gastronok bites you!
* * * LOW HITPOINT WARNING * * *
You hit Gastronok but do no damage.
Gastronok is almost dead.
Gastronok bites you but does no damage.
You slash Gastronok!
Gastronok is almost dead.
Gastronok waves his eye-stalks in wide circles.
The air twists around and strikes you!
You slash Gastronok!
Gastronok is almost dead.
You block Gastronok's attack.
You hit Gastronok but do no damage.
Gastronok is almost dead.
Gastronok bites you!
You die...

.## #.>###...........##..#
..##..#....#.........##..
..........#....##.......
#..............#......#
####...................#÷#
.........####....)........
.......rb.................
###.####w##.###.......###.
##@(.# #.....##....
#.#####.......####
#...........#### #
#...........# #
.<.####.....# #...#
##....## ....# ##......# #
...............## ##
..........####.


You could see Gastronok, a quokka and a bat.

Vanquished Creatures
  The ghost of Bikaver the Transmogrifier, an experienced OpTm of Ru (D:7)
  The ghost of Misa the Zephyrmancer, an experienced TeAE of Vehumet (D:8)
  Pikel (D:4)
  The ghost of afx the Basher, an experienced GrFi (D:5)
  Sigmund (D:4)
  A hippogriff (D:7)
  A hungry ghost (D:8)
  Menkaure (D:4)
  2 slaves (D:4)
  Duvessa (D:6)
  Purgy (Sewer)
  A black bear (D:7)
  An ice beast (D:6)
  An orc warrior (D:7)
  6 ogres
  2 sky beasts
  2 centaurs
  A necrophage (D:7)
  3 giant frogs
  A big kobold (D:8)
  Blork the orc (D:4)
  Dowan (D:6)
  2 scorpions
  A giant frog zombie (D:6)
  A jelly (D:7)
  3 crimson imps
  5 hounds
  A centaur skeleton (D:7)
  9 orc priests
  9 orc wizards
  3 iguanas
  11 worker ants
  Robin (D:2)
  12 adders
  A gnoll (D:5)
  3 shadow imps
  An ooze (D:4)
  A worm (D:6)
  7 giant geckos
  27 orcs
  3 ball pythons
  A bat skeleton (D:7)
  22 goblins
  9 hobgoblins
  3 jackals (D:5)
  12 kobolds
  6 quokkas
  8 bats
  5 giant cockroaches
  13 giant newts
  14 rats
226 creatures vanquished.

Vanquished Creatures (others)
  An adder (D:4)
  A quokka (D:4)
  A giant newt (D:4)
3 creatures vanquished.

Grand Total: 229 creatures vanquished

Notes
Turn   | Place    | Note
--------------------------------------------------------------
     0 | D:1      | Ber the Gargoyle Monk began the quest for the Orb.
     0 | D:1      | Reached XP level 1. HP: 14/14 MP: 1/1
   492 | D:1      | Reached XP level 2. HP: 19/19 MP: 2/2
   737 | D:1      | Reached skill level 1 in Armour
  1194 | D:2      | Reached skill level 1 in Throwing
  1198 | D:2      | Reached skill level 1 in Maces & Flails
  1198 | D:2      | Reached XP level 3. HP: 23/23 MP: 3/3
  1215 | D:2      | Noticed Robin
  1276 | D:2      | Killed Robin
  1383 | D:2      | Reached XP level 4. HP: 25/29 MP: 4/4
  2163 | D:4      | Noticed Menkaure
  2180 | D:3      | Reached XP level 5. HP: 21/33 MP: 5/5
  2603 | D:4      | Noticed a slave
  2603 | D:4      | Noticed a slave
  2604 | D:4      | Noticed a slave
  2604 | D:4      | Noticed a slave
  2629 | D:4      | Killed a slave
  2678 | D:4      | Killed a slave
  2688 | D:4      | Noticed Pikel
  2705 | D:4      | Killed Pikel
  2705 | D:4      | Reached skill level 5 in Fighting
  2705 | D:4      | Reached XP level 6. HP: 34/40 MP: 6/6
  2705 | D:4      | Reached XP level 7. HP: 37/44 MP: 7/7
  2911 | D:4      | Noticed Sigmund
  2911 | D:4      | Noticed an ogre
  2927 | D:4      | Killed an ogre
  2927 | D:4      | Reached skill level 5 in Maces & Flails
  2940 | D:4      | Killed Sigmund
  2940 | D:4      | Reached XP level 8. HP: 20/51 MP: 8/8
  3185 | D:4      | Noticed Blork the orc
  3205 | D:4      | Killed Blork the orc
  3496 | D:4      | Killed Menkaure
  3496 | D:4      | Reached skill level 6 in Maces & Flails
  3809 | D:4      | Found a burning altar of Makhleb.
  3948 | D:5      | Entered Level 5 of the Dungeon
  4030 | D:5      | Found a staircase to the Ecumenical Temple.
  4072 | Temple   | Entered the Ecumenical Temple
  4165 | Temple   | Became a worshipper of the Shining One
  4165 | Temple   | Acquired the Shining One's first power
  4165 | Temple   | Acquired the Shining One's second power
  4546 | D:5      | Reached skill level 1 in Shields
  4546 | D:5      | Reached skill level 1 in Invocations
  4720 | D:5      | Reached skill level 5 in Armour
  4720 | D:5      | Reached XP level 9. HP: 55/55 MP: 10/10
  4741 | D:5      | Gained mutation: You are clumsy. (Dex -2) [mutagenic meat]
  4742 | D:5      | Gained mutation: Your mind is acute. (Int +2) [mutagenic meat]
  4743 | D:5      | Gained mutation: Armour fits poorly on your strangely shaped body. [mutagenic meat]
  4804 | D:5      | Noticed afx's ghost (experienced GrFi)
  4823 | D:5      | Killed afx's ghost
  5220 | D:6      | Reached skill level 7 in Maces & Flails
  5243 | D:6      | Reached skill level 5 in Throwing
  5374 | D:6      | Noticed Duvessa
  5374 | D:6      | Noticed Dowan
  5415 | D:6      | Killed Duvessa
  5425 | D:6      | Reached skill level 1 in Evocations
  5431 | D:6      | Killed Dowan
  5467 | D:6      | Found a glowing drain.
  5491 | Sewer    | Entered a sewer
  5524 | Sewer    | Noticed Purgy
  5534 | Sewer    | Killed Purgy
  6661 | D:7      | Reached XP level 10. HP: 22/63 MP: 12/12
  6983 | D:7      | Reached skill level 8 in Maces & Flails
  7128 | D:7      | Reached skill level 5 in Shields
  7368 | D:7      | Noticed Bikaver's ghost (experienced OpTm)
  7389 | D:7      | Killed Bikaver's ghost
  7834 | D:8      | Noticed Misa's ghost (experienced TeAE)
  7863 | D:8      | Killed Misa's ghost
  7951 | D:8      | Noticed Gastronok
  8011 | D:8      | HP: 1/64 [Gastronok (20)]
  8027 | D:8      | Mangled by Gastronok

Vault maps used:
D:1:      dpeg_arrival_rooms_with_view
D:2:      uniq_robin
D:3:      first_bread, minmay_tree_intersection
D:4:      makhleb_blood_cavern_becter, uniq_pikel, uniq_menkaure, uniq_sigmund,
          uniq_blork_the_orc
D:5:      minmay_temple_entry_statues_pillars, hangedman_decor_peaks_small,
          cheibrodos_gnoll_hut
D:6:      gup_sewer_entry_glass, uniq_duvessa
D:7:      grunt_ogre_cave
D:8:      uniq_gastronok
Temple:   kilobyte_greek_temple_18
Sewer:    sewer_co_purgy_island

Action                   |  1- 3 |  4- 6 |  7- 9 | 10-12 || total
-------------------------+-------+-------+-------+-------++-------
Melee: Unarmed           |    26 |       |       |       ||    26
       Whip              |   143 |   162 |   525 |   157 ||   987
       Flail             |       |    16 |    69 |       ||    85
       War axe           |       |       |       |    85 ||    85
Evoke: Wand              |       |       |     1 |    12 ||    13
  Use: Scroll            |     3 |     2 |     9 |     8 ||    22
       Potion            |       |     1 |     6 |     6 ||    13
 Stab: Sleeping          |     1 |       |       |       ||     1
  Eat: Chunk             |     2 |     4 |    12 |     5 ||    23
       Meat ration       |       |       |     1 |       ||     1
